 Dungeon Crawl Stone Soup version 0.30-a0-778-g2ef04afb54 (webtiles) character file.

Game seed: 2875530286609083665

170 BigDaddyOpFi the Magician (level 5, -9/28 HPs)
             Began as a Deep Elf Earth Elementalist on Feb 16, 2023.
             Killed from afar by Blork the orc (18 damage)
             ... with a puff of frost
             ... on level 4 of the Dungeon.
             The game lasted 00:02:46 (2737 turns).

BigDaddyOpFi the Magician (DEEE)                    Turns: 2737, Time: 00:02:47

Health: -9/28      AC:  3    Str:  5    XL:     5   Next: 25%
Magic:  11/13      EV: 13    Int: 22    God:
Gold:   162        SH:  0    Dex: 15    Spells: 8/12 levels left

rFire   + . .      SeeInvis .    k - +3 dagger (venom)
rCold   . . .      Faith    .    (no shield)
rNeg    . . .      Spirit   .    a - +0 robe
rPois   .          Reflect  .    s - +0 helmet
rElec   .          Harm     .    (no cloak)
rCorr   .          Rampage  .    (no gloves)
Will    .....                    (no boots)
Stlth   +++                      (no amulet)
HPRegen 0.24/turn                l - +4 ring of slaying
MPRegen 0.13/turn                r - ring of protection from fire

@: no status effects
A: no striking features
a: no special abilities


You were on level 4 of the Dungeon.
You visited 1 branch of the dungeon, and saw 4 of its levels.

You collected 162 gold pieces.

Inventory:

Hand Weapons
 k - a +3 dagger of venom (weapon)
Armour
 a - a +0 robe (worn)
 s - a +0 helmet (worn)
Jewellery
 c - a ring of ice
 l - a +4 ring of slaying (left hand)
 r - a ring of protection from fire (right hand)
Wands
 n - a wand of polymorph (11)
Scrolls
 e - a scroll of brand weapon
 f - a scroll of poison
 g - a scroll of vulnerability
 j - 2 scrolls of fear
 m - a scroll of immolation
 o - a scroll of magic mapping
Potions
 b - 2 potions of magic
 d - 3 potions of curing
 h - a potion of ambrosia
 i - a potion of resistance {unknown}
 p - a potion of heal wounds {unknown}
 t - a potion of haste {unknown}


   Skills:
 + Level 0.1 Fighting
 + Level 0.3 Short Blades
 + Level 3.6 Dodging
 + Level 3.8 Stealth
 + Level 4.2 Spellcasting
 + Level 0.4 Conjurations
 - Level 2.3 Transmutations
 + Level 4.1 Earth Magic


You had 8 spell levels left.
You knew the following spells:

 Your Spells              Type           Power      Damage    Failure   Level
a - Sandblast             Erth           44%        2d11      1%          1
b - Stone Arrow           Conj/Erth      28%        3d8       13%         3

Your spell library contained the following spells:

 Spells                   Type           Power      Damage    Failure   Level
 Passwall                 Tmut/Erth      15%        N/A       4%          2
 Petrify                  Tmut/Erth      18%        N/A       28%         4


Dungeon Overview and Level Annotations

Branches:
Dungeon (4/15)
 Temple: D:4-7

Altars:
Ru

Annotations:
D:4 Blork the orc


Message History

Found an escape hatch in the ceiling.
There is an escape hatch in the ceiling here.
c - a ring of ice You hear the slow hiss of a very distant avalanche of sand.
An adder comes into view.
You can't see any susceptible monsters within range! (Use Z to cast anyway.)
You can't see any susceptible monsters within range! (Use Z to cast anyway.)
You can't see any susceptible monsters within range! (Use Z to cast anyway.)
Found a fizzy purple potion.
The adder hisses angrily.
The blast of sand misses the adder.
The blast of sand hits the adder.
The adder is moderately wounded.
The adder misses you. The adder closely misses you.
The blast of sand misses the adder.
The adder closely misses you. x2
The blast of sand hits the adder!
You kill the adder!
You can't see any susceptible monsters within range! (Use Z to cast anyway.) Magic restored.
You see here an adder corpse.
p - a fizzy purple potion No target in view!
Blork the orc comes into view.
He is wielding a +0 battleaxe.
You hear the slow hiss of a very distant avalanche of sand.
Blork the orc is nearby!
You can't see any susceptible monsters within range! (Use Z to cast anyway.)
You can't see any susceptible monsters within range! (Use Z to cast anyway.) Blork the orc shouts!
The blast of sand hits Blork the orc.
Blork the orc is lightly wounded.
Blork the orc drinks a potion.
Blork the orc's spells are empowered!
The blast of sand hits Blork the orc!
Blork the orc is almost dead.
Blork the orc casts a spell at you. The puff of frost hits you!!
Ouch! That really hurt!
Blork the orc casts a spell at you. The puff of frost hits you!!
Ouch! That really hurt!
You die...

###############
#......@..o....
#.#############
#.# #.# #.# #.#
#.# #.# #.#


You could see Blork the orc (empowered).

Vanquished Creatures
  Terence (D:3)
  An orc wizard (D:3)
  A gnoll (D:1)
  4 adders
  A white imp (D:3)
  5 worms
  2 dart slugs
  An orc (D:3)
  An endoplasm (D:3)
  4 giant cockroaches
  6 goblins
  5 hobgoblins
  2 jackals (D:2)
  2 quokkas (D:1)
  A ball python (D:1)
  7 bats
  A frilled lizard (D:1)
  3 kobolds
  A rat (D:1)
49 creatures vanquished.

Notes
Turn   | Place    | Note
-------+----------+-------------------------------------------
     0 | D:1      | BigDaddyOpFi the Deep Elf Earth Elementalist began the
                  | quest for the Orb.
     0 | D:1      | Reached XP level 1. HP: 10/10 MP: 6/6
   309 | D:1      | Reached XP level 2. HP: 15/15 MP: 5/8
   487 | D:1      | You fall into a shaft and drop 1 floor!
   824 | D:2      | Reached XP level 3. HP: 19/19 MP: 6/9
  1785 | D:3      | Reached XP level 4. HP: 24/24 MP: 8/11
  1817 | D:3      | Noticed Terence
  1827 | D:3      | Killed Terence
  1852 | D:3      | Found a sacrificial altar of Ru.
  1996 | D:3      | Learned a level 3 spell: Stone Arrow
  2102 | D:3      | Reached XP level 5. HP: 28/28 MP: 9/13
  2732 | D:4      | Noticed Blork the orc
  2737 | D:4      | Killed from afar by Blork the orc

Illustrated notes

Levels and vault maps discovered:
D:1:      sevenhm_arrival_forest_fort_small_3, layout_basic,
          minmay_misc_feat_doors, minivault_23
D:2:      layout_basic
D:3:      minmay_general_purpose_star, layout_loops_ring,
          nicolae_ru_great_annihilating_truth, minivault_24, uniq_terence
D:4:      layout_basic, evilmike_ruin_ashenzari, bloody_makhleb,
          minmay_temple_entry_stoned_glass, enter_ossuary_3,
          gammafunk_ghost_arena, uniq_blork_the_orc, uniq_natasha,
          uniq_crazy_yiuf_cottage, uniq_sigmund, uniq_eustachio

Skill      XL: |  1  2  3  4 |
---------------+-------------+-----
Stealth        | 3 |  3.8
Dodging        | 3 |  3.6
Transmutations | 2 |  2.3
Spellcasting   | 4 |  4.2
Earth Magic    | 4 |  4.1
Fighting       | |  0.1
Short Blades   | |  0.3
Conjurations   | |  0.4

Action                     |  1- 3 |  4- 6 || total
---------------------------+-------+-------++-------
  Melee: Short sword       |     6 |       ||     6
         Dagger            |     7 |     2 ||     9
         Unarmed           |       |     5 ||     5
   Cast: Sandblast         |    45 |    29 ||    74
    Use: Scroll            |       |    10 ||    10
   Stab: Sleeping          |     3 |       ||     3
         Confused          |       |     1 ||     1
 Armour: Robe              |     5 |     3 ||     8
  Dodge: Dodged            |    18 |    16 ||    34

Table legend: (Time is in decaauts)
 A = Elapsed time spent in this place.
 B = Non-inter-level travel time spent in this place.
 C = Inter-level travel time spent in this place.
 D = Time resting spent in this place.
 E = Time spent auto-exploring this place.
 F = Levels seen in this place.
 G = Mean time per level.
                   A        B        C        D        E       F      G
               +--------+--------+--------+--------+--------+-----+--------+
         Total |   2771 |   2668 |    103 |      0 |   2324 |   4 |  692.8 |
       Dungeon |   2771 |   2668 |    103 |      0 |   2324 |   4 |  692.8 |
               +--------+--------+--------+--------+--------+-----+--------+

Top non-repeatable levels by time:
     D:1: 1006 daAuts
     D:3: 945 daAuts
     D:2: 713 daAuts
     D:4: 106 daAuts
